Map: Catalisador LE

Players

Instinct

  • Race: Zerg Zerg
  • League: Grandmaster
  • Spawn Location: 11:00

TheZergLord - Winner!

  • Race: Zerg Zerg
  • League: Grandmaster
  • Spawn Location: 5:00

VOD

https://youtu.be/B3T8Nc99xWY

Description

Time

  • Played on: Dec. 21, 2017, 4:56 a.m.
  • Length: 7:58
Show
View Real Time Build Order
Export as new Build Order

Instinct Zerg 

Build Orders: Hatch First 

Get SALT Encoding   

  12  0:01  Drone  
  13  0:11  Drone  
  14  0:17  Overlord  
  14  0:23  Extractor  
  14  0:24  Drone  
  15  0:36  Drone x2  
  17  0:56  Hatchery, Drone  
  17  0:59  Drone  
  17  1:02  Extractor  
  17  1:18  Spawning Pool  
  16  1:19  Drone  
  16  1:25  Drone  
  18  1:32  Drone  
  19  1:41  Overlord  
  19  1:55  Drone  
  19  2:00  Drone  
  21  2:04  Queen  
  21  2:08  Queen  
  25  2:09  Metabolic Boost  
  25  2:23  Drone x2  
  25  2:24  Baneling Nest  
  25  2:27  Drone  
  25  2:28  Zergling x2  
  28  2:32  Drone  
  29  2:38  Drone  
  29  2:41  Drone  
  29  2:43  Overlord  
  31  2:56  Zergling x4  
  33  3:00  Spine Crawler  
  33  3:05  Queen  
  32  3:08  Baneling  
  32  3:10  Zergling x4  
  36  3:16  Zergling x2  
  36  3:17  Baneling, Zergling x2  
  39  3:25  Zergling x8  
  39  3:26  Zergling x2  
  29  3:43  Zergling x2  
  30  3:52  Drone  
  30  3:55  Drone  
  32  3:59  Drone  
  33  4:03  Baneling x2  
  33  4:07  Drone  
  34  4:11  Drone  
  35  4:17  Drone  
  35  4:18  Drone  
  35  4:22  Drone  
  37  4:24  Drone  
  37  4:28  Drone  
  39  4:34  Drone x2  
  39  4:37  Drone  
  42  4:40  Drone  
  42  4:45  Drone  
  44  4:49  Overlord  
  44  5:02  Hatchery  
  43  5:10  Drone  
  43  5:11  Drone x3  
  47  5:15  Drone x2  
  49  5:25  Drone  
  49  5:26  Drone x4  
  49  5:27  Drone  
  49  5:33  Lair  
  49  5:39  Roach Warren  
  49  5:42  Extractor, Evolution Chamber  
  46  5:44  Extractor  
  46  5:49  Drone x4  
  47  5:58  Drone x4  
  47  5:59  Zergling x2  
  47  6:02  Overlord  
  52  6:10  Overlord  
  52  6:11  Overlord  
  52  6:21  Roach  
  52  6:22  Roach x3  
  60  6:27  Overlord  
  60  6:29  Overlord  
  60  6:33  Glial Reconstitution  
  60  6:41  Roach x4  
  68  6:49  Roach x3  
  68  6:50  Roach  
  68  6:52  Overseer  
  76  6:57  Drone  
  76  6:58  Drone x3  
  76  7:00  Roach  
  82  7:03  Roach  
  82  7:07  Roach  
  82  7:08  Roach  
  88  7:09  Roach  
  88  7:14  Roach x2  
  94  7:19  Roach x2  
  98  7:24  Overlord x2  
  97  7:38  Roach x2  
Show
View Real Time Build Order
Export as new Build Order

TheZergLord Zerg - Winner!

Build Orders: Pool First, Zergling Baneling 

Get SALT Encoding   

  12  0:01  Drone  
  13  0:13  Overlord  
  13  0:17  Drone  
  14  0:33  Drone x2  
  14  0:35  Drone  
  17  0:46  Extractor  
  17  0:49  Drone  
  17  0:51  Spawning Pool  
  17  0:56  Drone  
  17  1:08  Drone  
  18  1:21  Hatchery  
  17  1:37  Queen  
  17  1:38  Zergling x4  
  21  1:48  Metabolic Boost  
  21  1:56  Overlord  
  21  2:11  Baneling Nest  
  21  2:13  Queen  
  22  2:16  Zergling x2  
  22  2:20  Zergling x2  
  24  2:23  Zergling x2  
  24  2:28  Zergling x2  
  26  2:34  Zergling x2  
  27  2:38  Zergling x2  
  28  2:44  Zergling x2  
  28  2:47  Zergling x4  
  28  2:49  Zergling x2  
  32  2:57  Baneling  
  32  2:58  Baneling x3  
  32  3:02  Zergling x2  
  33  3:07  Overlord  
  33  3:11  Drone  
  32  3:26  Overlord  
  28  3:27  Drone x2  
  28  3:49  Drone x3  
  28  3:50  Drone x3  
  28  3:55  Baneling x2  
  32  4:02  Overlord  
  32  4:06  Zergling x4  
  34  4:12  Queen  
  34  4:15  Baneling x2  
  34  4:16  Baneling  
  36  4:24  Drone x4  
  40  4:33  Drone x2  
  40  4:34  Drone x2  
  44  4:47  Overlord  
  44  4:48  Drone x2  
  44  4:49  Drone  
  47  4:56  Lair  
  47  4:58  Drone x3  
  47  4:59  Extractor  
  49  5:00  Extractor  
  49  5:03  Evolution Chamber  
  47  5:08  Roach Warren  
  46  5:19  Overlord, Drone  
  46  5:20  Drone x4  
  51  5:24  Drone  
  51  5:30  Zerg Missile Weapons Level 1  
  51  5:31  Drone  
  52  5:44  Hatchery  
  51  5:53  Roach x5  
  60  5:59  Glial Reconstitution  
  60  6:04  Overlord  
  60  6:05  Roach x2  
  64  6:16  Overlord  
  64  6:19  Roach x4  
  72  6:33  Overlord x2  
  72  6:34  Roach x3  
  72  6:36  Roach  
  80  6:47  Overlord  
  80  6:48  Roach x3  
  80  6:49  Roach  
  88  6:57  Roach x3  
  88  6:59  Roach  
  96  7:03  Roach  
  96  7:04  Roach  
  100  7:19  Roach  
  100  7:20  Roach x5  
  112  7:24  Baneling  
  112  7:25  Baneling  
  111  7:34  Overlord  
Tags
 
Add a new tag
Caveats
  • Supply blocks, unpowered buildings, or Contaminate may cause inaccurate times.
  • Supply counts are checked every 10 seconds.